 Dungeon Crawl Stone Soup version 0.27.0-1-g7a089689b8 (webtiles) character file.

Game seed: 318207066759267856

121083 wakim the Blocker (level 16, -21/129 HPs)
             Began as a Gnoll Fighter on Aug 12, 2021.
             Was the Champion of Cheibriados.
             Demolished by a naga warrior (39 damage)
             ... on level 14 of the Dungeon.
             The game lasted 01:40:32 (31483 turns).

wakim the Blocker (Gnoll Fighter)                  Turns: 31483, Time: 01:40:32

Health: -21/129    AC: 32    Str: 38    XL:     16   Next: 84%
Magic:  6/40       EV: 22    Int: 30    God:    Cheibriados [******]
Gold:   1675       SH:  0    Dex: 27    Spells: 15/37 levels left

rFire    . . .     SeeInvis +   a - +9 dire flail "Wamoxoc" {vorpal, Str+4}
rCold    . . .     Faith    +   (shield currently unavailable)
rNeg     . . .     Spirit   .   P - +2 plate armour {Will+}
rPois    +         Reflect  .   k - +3 crown of Dyrovepreva {rElec Int+2 SInv}
rElec    +         Harm     .   S - +2 cloak of the Wasteland {MP+9}
rCorr    .         Rampage  .   j - +1 pair of gloves
Will     ++...                  z - +0 pair of boots
Stlth    +.........             l - amulet of faith
HPRegen  0.31/turn              q - +4 ring of evasion
MPRegen  0.27/turn              e - ring "Vagil" {rPois AC+4 Str+2}

@: about to teleport, wereblooded, studying Ice Magic, very slow
A: fangs 1, strong nose, distributed training
a: Renounce Religion, Bend Time, Temporal Distortion, Slouch, Step From Time


You were on level 14 of the Dungeon.
You worshipped Cheibriados.
Cheibriados was exalted by your worship.
You visited 3 branches of the dungeon, and saw 22 of its levels.
You also visited: Sewer, Ossuary and Volcano.

You collected 2560 gold pieces.
You spent 885 gold pieces at shops.

Inventory:

Hand Weapons
 a - the +9 dire flail "Wamoxoc" (weapon) {vorpal, Str+4}
   (You took it off a two-headed ogre on level 1 of the Orcish Mines)

   It inflicts extra damage upon your enemies.
   Str:       It affects your strength (+4).
 b - a +4 hunting sling
 c - a +1 battleaxe of flaming
 H - the +8 rapier of the Median {freeze, Drain +Blink rElec rPois}
   (You found it on level 6 of the Lair of Beasts)

   It freezes those it strikes, dealing additional cold damage.
   It can also slow down cold-blooded creatures.
   rElec:     It insulates you from electricity.
   rPois:     It protects you from poison.
   +Blink:    It lets you blink.
   Drain:     It drains your maximum health when unequipped.
Missiles
 i - 101 poisoned darts (quivered)
 n - 112 sling bullets
 C - 7 curare-tipped darts {=f}
Armour
 h - a +3 chain mail of fire resistance
 j - a +1 pair of gloves (worn)
 k - the +3 crown of Dyrovepreva (worn) {rElec Int+2 SInv}
   (You found it on level 8 of the Dungeon)

   Int:       It affects your intelligence (+2).
   rElec:     It insulates you from electricity.
   SInv:      It lets you see invisible.
 z - a +0 pair of boots (worn)
 P - a +2 plate armour of willpower (worn)
 S - the +2 cloak of the Wasteland (worn) {MP+9}
   (You found it on level 4 of the Lair of Beasts)

   MP:        It affects your magic capacity (+9).
Jewellery
 d - a ring of wizardry
 e - the ring "Vagil" (right hand) {rPois AC+4 Str+2}
   (You bought it in a shop on level 2 of the Orcish Mines)

   [ring of protection]

   AC:        It affects your AC (+4).
   Str:       It affects your strength (+2).
   rPois:     It protects you from poison.
 g - the amulet "Fiom" {Regen+ Str+3 Slay+3}
   (You acquired it on level 5 of the Dungeon)

   [amulet of regeneration]

   Str:       It affects your strength (+3).
   Slay:      It affects your accuracy & damage with ranged weapons and melee
   (+3).
   Regen:     It increases your rate of health regeneration.
 l - an amulet of faith (around neck)
 m - a ring of protection from cold
 p - a ring of protection from fire
 q - a +4 ring of evasion (left hand)
 s - an amulet of reflection
 W - a ring of willpower
Wands
 t - a wand of digging (15)
 u - a wand of mindburst (11)
 w - a wand of acid (21)
 y - a wand of paralysis (30)
 V - a wand of iceblast (10)
Scrolls
 o - 2 scrolls of amnesia
 r - a scroll of identify
 R - 3 scrolls of magic mapping {!r}
 T - 8 scrolls of teleportation
 U - 3 scrolls of fear
 X - 2 scrolls of fog
 Y - 2 scrolls of blinking {!r}
Potions
 A - 7 potions of ambrosia
 B - 6 potions of attraction {!q}
 D - 4 potions of brilliance
 E - 3 potions of cancellation
 F - 6 potions of curing
 G - a potion of flight
 I - 4 potions of invisibility
 J - 2 potions of heal wounds
 K - 3 potions of magic
 N - 4 potions of might
 O - a potion of resistance


   Skills:
 + Level 12.6 Fighting
 + Level 11.1 Short Blades
 + Level 11.1 Long Blades
 + Level 11.9 Axes
 + Level 11.1 Maces & Flails
 + Level 11.1 Polearms
 + Level 11.1 Staves
 + Level 11.1 Slings
 + Level 11.1 Bows
 + Level 11.1 Crossbows
 + Level 11.1 Throwing
 + Level 12.6 Armour
 + Level 11.1 Dodging
 + Level 11.1 Stealth
 + Level 12.6 Shields
 + Level 11.1 Unarmed Combat
 + Level 11.1 Spellcasting
 + Level 9.4 Conjurations
 + Level 9.4 Hexes
 + Level 9.4 Summonings
 + Level 9.4 Necromancy
 + Level 9.4 Translocations
 + Level 9.4 Transmutations
 + Level 9.4 Fire Magic
 + Level 10.6 Ice Magic
 + Level 9.4 Air Magic
 + Level 9.4 Earth Magic
 + Level 9.4 Poison Magic
 + Level 12.0 Invocations
 + Level 11.1 Evocations


You had 15 spell levels left.
You knew the following spells:

 Your Spells              Type           Power      Damage    Failure   Level
a - Wereblood             Tmut           65%        N/A       1%          2
b - Blink                 Tloc           N/A        N/A       1%          2
c - Manifold Assault      Tloc           65%        N/A       8%          5
d - Ignite Poison         Fire/Tmut/Pois 65%        N/A       1%          3
x - Poisonous Vapours     Pois/Air       100%       N/A       1%          2
y - Olgreb's Toxic Radia  Pois           65%        N/A       2%          4
z - Summon Lightning Spi  Summ/Air       65%        N/A       2%          4

Your spell library contained the following spells:

 Spells                   Type           Power      Damage    Failure   Level
 Beastly Appendage        Tmut           100%       N/A       1%          1
 Sting                    Tmut/Pois      100%       1d8       1%          1
 Summon Small Mammal      Summ           100%       N/A       1%          1
 Corpse Rot               Necr/Air       N/A        N/A       1%          2
 Sublimation of Blood     Necr           32%        N/A       1%          2
 Call Canine Familiar     Summ           65%        N/A       1%          3
 Lesser Beckoning         Tloc           32%        N/A       1%          3
 Spider Form              Tmut/Pois      32%        N/A       1%          3
 Stone Arrow              Conj/Erth      100%       3d13      1%          3
 Summon Guardian Golem    Hex/Summ       65%        N/A       1%          3
 Animate Armour           Summ/Erth      100%       N/A       2%          4
 Animate Dead             Necr           32%        N/A       2%          4
 Dispel Undead            Necr           65%        3d22      2%          4
 Fulminant Prism          Conj/Hex       32%        3d16      2%          4
 Ice Form                 Ice/Tmut       67%        N/A       2%          4
 Petrify                  Tmut/Erth      65%        N/A       2%          4
 Sticky Flame             Conj/Fire      65%        2d8       2%          4
 Alistair's Intoxication  Tmut/Pois      43%        N/A       8%          5
 Blade Hands              Tmut           32%        N/A       8%          5
 Bolt of Magma            Conj/Fire/Erth 32%        4d14      8%          5
 Borgnjor's Vile Clutch   Necr/Erth      32%        N/A       8%          5
 Fireball                 Conj/Fire      32%        3d14      8%          5
 Irradiate                Conj/Tmut      32%        3d24      8%          5
 Death Channel            Necr           32%        N/A       41%         6
 Eringya's Noxious Bog    Tmut/Pois      32%        N/A       41%         6
 Iron Shot                Conj/Erth      32%        9d7       41%         6
 Starburst                Conj/Fire      32%        8x6d10    41%         6
 Storm Form               Tmut/Air       32%        N/A       94%         7
 Summon Hydra             Summ           32%        N/A       94%         7
 Ignition                 Fire           32%        3d10      100%        8
 Fire Storm               Conj/Fire      32%        8d8       100%        9
 Shatter                  Erth           32%        3d26*     100%        9


Dungeon Overview and Level Annotations

Branches:
Dungeon (14/15)            Temple (0/1) D:7            Lair (6/6) D:8
 Shoals (0/4) Lair:2       Spider (0/4) Lair:3        Slime (0/5) Lair:6
    Orc (2/2) D:9             Elf (0/3) Orc:2         Sewer (visited)
Ossuary (visited)         Volcano (visited)
 Vaults: D:13-14

Altars:
Cheibriados
Dithmenos
Makhleb
Okawaru
Ru
Trog
Wu Jian
Xom
Yredelemnul
The Shining One
Beogh
Jiyva

Shops:
D:3 [   D:13 (   Orc:2 *:=*

Annotations:
D:14 Qymaymp's ghost, adept GrEE


Innate Abilities, Weirdness & Mutations

You have very sharp teeth.
Your uncanny sense of smell can sniff out nearby items.
Your experience applies equally to all skills.


Message History

You hit the fire giant. Your bite misses the fire giant.
The fire giant is almost dead.
The vampire mosquito bites you but does no damage.
The vampire mosquito barely misses you.
The naga warrior roars a battlecry!
The naga warrior goes into a battle-frenzy!
The fire giant hits you but does no damage.
You bludgeon the fire giant!!
You feel a bit better.
You kill the fire giant!
Cheibriados appreciates the change of pace.
The vampire mosquito bites you but does no damage.
Your Invocations skill increases to level 12!
Your plate armour prevents you from hitting the vampire mosquito.
The vampire mosquito is severely damaged.
The vampire mosquito completely misses you.
The vampire mosquito misses you.
You puncture the vampire mosquito!
You feel a bit better.
You destroy the vampire mosquito!
Cheibriados thoroughly appreciates the change of pace.
The naga warrior barely misses you.
You puncture the vampire mosquito! You bite the vampire mosquito!
The vampire mosquito is severely damaged.
The vampire mosquito bites you but does no damage.
You sock the vampire mosquito!
You feel a bit better.
You destroy the vampire mosquito!
Cheibriados thoroughly appreciates the change of pace.
The naga warrior closely misses you.
Qymaymp's ghost gestures at you while chanting.
The fireball explodes!
The fireball engulfs you!!!
* * * LOW HITPOINT WARNING * * *
The fireball engulfs Qymaymp's ghost.
Qymaymp's ghost completely resists.
You hear an angry buzzing noise. x2
You feel much better. The naga warrior closely misses you.
Qymaymp's ghost conjures a glowing orb.
The wavering orb of destruction weakly hits you!
* * * LOW HITPOINT WARNING * * *
As you read the scroll of teleportation, it crumbles to dust.
You feel strangely unstable.
The naga warrior hits you from afar with a +0 glaive!!!
You die...

......######## ∆
.....#......8
....#.#.#..#
#.#.#.8.8.(#
#.#.')...$## #
#####..))....)_#
#.###.##....'lN).[##
#....#...?..#N8.8.$#
#..##....#@#.#..# .
#.####.#.#.W....8#
.# #.# #.#.#########
.# #.# #.#.# .# #.#
#.#.# .##
###.####.#.# ∆
..###..........#
.............###
..##..########


You could see 2 naga warriors, a basilisk and Qymaymp's ghost.

Vanquished Creatures
  Frances (D:13)
  Gastronok (D:12)
  A fire giant (D:14)
  The ghost of Jisity the Bludgeoner, an adept HuFi of Okawaru (Orc:1)
  The ghost of Bananafolds the Warrior, a journeyman MfSk of Makhleb (Lair:4)
  A stone giant (Orc:2)
  Nessos (D:12)
  A merfolk impaler (D:14)
  2 merfolk javelineers (D:14)
  Josephine (D:12)
  4 boulder beetles
  9 hydras
  Erolcha (D:11)
  4 ogre magi
  The ghost of wakim the Martial Artist, a journeyman OpTm of Gozag (D:9)
  4 catoblepae
  4 centaur warriors (D:13)
  24 two-headed ogres
  7 death yaks
  The ghost of Rayvis the Cleaver, a novice DsFi of Okawaru (D:8)
  A dancing weapon (D:9)
  Urug (Lair:6)
  2 orc high priests
  A hell knight (Volcano)
  Nergalle (D:10)
  A fire crab (shapeshifter) (D:7)
  2 deep trolls (Orc:2)
  Pikel (D:5)
  A deep elf archer (D:14)
  2 lindwurms
  An orc knight (D:14)
  2 ugly things
  A deep elf pyromancer (D:12)
  A wolf spider (Lair:6)
  4 manticores
  5 cyclopes
  A moth of wrath (D:8)
  A merfolk siren (Lair:2)
  13 elephants
  A gargoyle (D:12)
  6 black mambas
  4 torpor snails (Lair:4)
  An unseen horror (D:13)
  14 cane toads
  Maggie (D:9)
  2 kobold demonologists
  A rime drake (shapeshifter) (D:10)
  3 rime drakes
  17 komodo dragons
  A meliai (Lair:4)
  A merfolk (Lair:2)
  A queen bee (Lair:4)
  11 trolls
  3 polar bears
  6 slime creatures
  3 hornets
  6 jumping spiders (Lair:3)
  2 dream sheep
  19 blink frogs
  90 yaks
  4 redbacks (Lair:3)
  6 wraiths
  A shadow (D:12)
  9 wyverns
  2 basilisks
  2 steam dragons (D:8)
  Menkaure (D:7)
  4 vampire mosquitoes
  A warg (Orc:1)
  3 acid dragons
  14 water moccasins
  3 ice beasts
  18 orc warriors
  A sky beast (D:5)
  A necrophage (D:5)
  A swamp drake (D:8)
  3 black bears
  2 centaurs (D:13)
  8 wolves
  25 ogres
  2 phantoms
  4 lemures (D:5)
  6 kobold brigands
  16 bullfrogs
  3 scorpions
  13 killer bees
  7 howler monkeys
  4 electric eels
  4 centaur zombies
  13 orc priests
  2 gnoll shamans (D:9)
  A jelly (D:4)
  2 bullfrog skeletons (D:5)
  Terence (D:3)
  3 iguanas
  14 orc wizards
  6 hell rats (Lair:5)
  A killer bee zombie (D:9)
  A hound skeleton (D:5)
  5 mummies
  A howler monkey zombie (D:7)
  14 gnolls
  A howler monkey skeleton (D:4)
  12 adders
  9 river rats
  A shadow imp (D:6)
  2 white imps (D:6)
  A worm (D:2)
  4 dart slugs
  52 orcs
  12 endoplasms
  16 giant cockroaches
  A gnoll zombie (Ossuary)
  7 goblins
  6 hobgoblins
  5 jackals
  27 kobolds
  8 quokkas
  22 ball pythons
  6 bats
  12 frilled lizards
  A goblin zombie (Ossuary)
  2 hobgoblin zombies (Ossuary)
  3 kobold zombies (Ossuary)
  An orc zombie (Ossuary)
  4 rats
752 creatures vanquished.

Vanquished Creatures (others)
  A two-headed ogre (Volcano)
  An orc wizard (D:8)
  51 fungi
  35 plants
88 creatures vanquished.

Grand Total: 840 creatures vanquished

Notes
Turn   | Place    | Note
-------+----------+-------------------------------------------
     0 | D:1      | wakim the Gnoll Fighter began the quest for the Orb.
     0 | D:1      | Reached XP level 1. HP: 23/23 MP: 1/1
   133 | D:1      | Reached XP level 2. HP: 21/29 MP: 2/2
   556 | D:1      | Reached XP level 3. HP: 35/35 MP: 3/3
   856 | D:2      | Reached skill level 1 in Invocations
  1063 | D:2      | Reached skill level 1 in Short Blades
  1063 | D:2      | Reached skill level 1 in Long Blades
  1063 | D:2      | Reached skill level 1 in Maces & Flails
  1063 | D:2      | Reached skill level 1 in Polearms
  1063 | D:2      | Reached skill level 1 in Staves
  1063 | D:2      | Reached skill level 1 in Slings
  1063 | D:2      | Reached skill level 1 in Bows
  1063 | D:2      | Reached skill level 1 in Crossbows
  1063 | D:2      | Reached skill level 1 in Throwing
  1063 | D:2      | Reached skill level 1 in Dodging
  1063 | D:2      | Reached skill level 1 in Stealth
  1063 | D:2      | Reached skill level 1 in Unarmed Combat
  1063 | D:2      | Reached skill level 1 in Spellcasting
  1063 | D:2      | Reached skill level 1 in Evocations
  1308 | D:2      | Reached XP level 4. HP: 41/41 MP: 5/5
  1933 | D:3      | Noticed Terence
  1954 | D:3      | Killed Terence
  1955 | D:3      | Reached skill level 1 in Conjurations
  1955 | D:3      | Reached skill level 1 in Hexes
  1955 | D:3      | Reached skill level 1 in Summonings
  1955 | D:3      | Reached skill level 1 in Necromancy
  1955 | D:3      | Reached skill level 1 in Translocations
  1955 | D:3      | Reached skill level 1 in Transmutations
  1955 | D:3      | Reached skill level 1 in Fire Magic
  1955 | D:3      | Reached skill level 1 in Ice Magic
  1955 | D:3      | Reached skill level 1 in Air Magic
  1955 | D:3      | Reached skill level 1 in Earth Magic
  1955 | D:3      | Reached skill level 1 in Poison Magic
  2402 | D:3      | Found Cuemyzask's Armour Boutique.
  2405 | D:3      | Bought a +0 buckler for 63 gold pieces
  2605 | D:4      | Reached XP level 5. HP: 47/47 MP: 6/6
  2629 | D:4      | Noticed an ogre
  2645 | D:4      | Killed an ogre
  2752 | D:4      | Found a glowing drain.
  2771 | Sewer    | Entered a sewer
  2864 | Sewer    | Reached XP level 6. HP: 50/53 MP: 8/8
  3103 | Sewer    | Reached skill level 5 in Axes
  3299 | D:4      | Identified the ring "Det Tiaff" {Str+4 Int+2 Dex+6}
  3995 | D:4      | Found a burning altar of Makhleb.
  4012 | D:5      | Entered Level 5 of the Dungeon
  4034 | D:5      | Noticed a sky beast
  4047 | D:5      | Killed a sky beast
  4048 | D:5      | Reached XP level 7. HP: 60/60 MP: 10/10
  4096 | D:5      | Noticed Pikel
  4187 | D:5      | Found a sand-covered staircase.
  4192 | Ossuary  | Entered an ossuary
  4445 | D:5      | Identified a scroll of acquirement
  4445 | D:5      | Acquired the amulet "Fiom" {Regen+ Str+3 Slay+3}
  4743 | D:5      | Killed Pikel
  4744 | D:5      | Reached XP level 8. HP: 17/67 MP: 10/12
  5278 | D:5      | Found an ornate altar of the Wu Jian Council.
  5337 | D:5      | Learned a level 2 spell: Wereblood
  5340 | D:5      | Learned a level 2 spell: Blink
  5340 | D:5      | Found a snail-covered altar of Cheibriados.
  5454 | D:5      | Found an iron altar of Okawaru.
  5457 | D:5      | Found a shadowy altar of Dithmenos.
  5460 | D:5      | Found a glowing golden altar of the Shining One.
  5531 | D:6      | Reached XP level 9. HP: 72/72 MP: 14/14
  5786 | D:6      | Found a basalt altar of Yredelemnul.
  5788 | D:6      | Found a sacrificial altar of Ru.
  5998 | D:5      | Became a worshipper of Cheibriados the Contemplative
  6400 | D:7      | Got Sif Muna's Collected Works on Heat
  6432 | D:7      | Got the Catalogue of Torrid Summoning
  6439 | D:7      | Learned a level 5 spell: Manifold Assault
  6463 | D:7      | Found a staircase to the Ecumenical Temple.
  6469 | D:7      | Noticed Menkaure
  6498 | D:7      | Reached * piety under Cheibriados
  6499 | D:7      | Killed Menkaure
  7046 | D:7      | Noticed a kobold demonologist
  7056 | D:7      | Noticed a komodo dragon
  7059 | D:7      | Killed a kobold demonologist
  7060 | D:7      | Reached skill level 5 in Invocations
  7079 | D:7      | Noticed a fire crab
  7079 | D:7      | a komodo dragon changed into a fire crab
  7086 | D:7      | Killed a fire crab
  7087 | D:7      | Reached skill level 5 in Short Blades
  7087 | D:7      | Reached skill level 5 in Long Blades
  7087 | D:7      | Reached skill level 5 in Maces & Flails
  7087 | D:7      | Reached skill level 5 in Polearms
  7087 | D:7      | Reached skill level 5 in Staves
  7087 | D:7      | Reached skill level 5 in Slings
  7087 | D:7      | Reached skill level 5 in Bows
  7087 | D:7      | Reached skill level 5 in Crossbows
  7087 | D:7      | Reached skill level 5 in Throwing
  7087 | D:7      | Reached skill level 5 in Dodging
  7087 | D:7      | Reached skill level 5 in Stealth
  7087 | D:7      | Reached skill level 5 in Unarmed Combat
  7087 | D:7      | Reached skill level 5 in Spellcasting
  7087 | D:7      | Reached skill level 5 in Evocations
  7087 | D:7      | Reached XP level 10. HP: 32/81 MP: 15/17
  7581 | D:8      | Reached ** piety under Cheibriados
  7642 | D:8      | Found a transporter.
  7673 | D:8      | Identified the +6 quarterstaff of Inquiry {venom, SInv}
  7723 | D:8      | Found a transporter.
  7731 | D:8      | Found the +3 crown of Dyrovepreva {rElec Int+2 SInv}
  7731 | D:8      | Noticed Rayvis's ghost (novice DsFi)
  7732 | D:8      | Noticed a moth of wrath
  7805 | D:8      | Got Ifagh's Compendium of Unstable Conjuration
  8661 | D:8      | Found a staircase to the Lair.
  8782 | D:8      | Noticed a white ugly thing
  9288 | D:9      | Found a staircase to the Orcish Mines.
  9297 | D:9      | Paralysed by a hornet for 3 turns
  9488 | D:9      | Noticed Maggie
  9502 | D:9      | Killed Maggie
  9788 | D:9      | Reached *** piety under Cheibriados
  9964 | D:9      | Found a runed translucent door.
  9966 | D:9      | Found a shimmering altar of Xom.
  9966 | D:9      | Noticed wakim's ghost (journeyman OpTm)
  9966 | D:9      | Noticed a +1 war axe of chaos
 10501 | D:8      | Killed a white ugly thing
 10502 | D:8      | Reached XP level 11. HP: 56/87 MP: 8/19
 11541 | Lair:1   | Entered Level 1 of the Lair of Beasts
 11677 | Lair:1   | Noticed a four-headed hydra
 11691 | Lair:1   | Killed a four-headed hydra
 11692 | Lair:1   | Reached skill level 5 in Conjurations
 11692 | Lair:1   | Reached skill level 5 in Hexes
 11692 | Lair:1   | Reached skill level 5 in Summonings
 11692 | Lair:1   | Reached skill level 5 in Necromancy
 11692 | Lair:1   | Reached skill level 5 in Translocations
 11692 | Lair:1   | Reached skill level 5 in Transmutations
 11692 | Lair:1   | Reached skill level 5 in Fire Magic
 11692 | Lair:1   | Reached skill level 5 in Ice Magic
 11692 | Lair:1   | Reached skill level 5 in Air Magic
 11692 | Lair:1   | Reached skill level 5 in Earth Magic
 11692 | Lair:1   | Reached skill level 5 in Poison Magic
 11753 | Lair:1   | Noticed a four-headed hydra
 11767 | Lair:1   | Killed a four-headed hydra
 11879 | Lair:1   | Noticed an eight-headed hydra
 11923 | Lair:1   | Killed an eight-headed hydra
 12088 | Lair:1   | Reached **** piety under Cheibriados
 12284 | Lair:1   | Noticed an eight-headed hydra
 12291 | Lair:1   | Killed an eight-headed hydra
 13377 | Lair:2   | Reached XP level 12. HP: 72/96 MP: 22/22
 13952 | Lair:2   | Reached ***** piety under Cheibriados
 14771 | Lair:2   | Found a staircase to the Shoals.
 14951 | Lair:3   | Noticed an eight-headed hydra
 14963 | Lair:3   | Killed an eight-headed hydra
 15160 | Lair:3   | Found a dark tunnel.
 15165 | Volcano  | Entered a volcano
 15181 | Volcano  | Noticed an ogre mage
 15267 | Volcano  | Killed a two-headed ogre
 15309 | Volcano  | Noticed a two-headed ogre
 15313 | Volcano  | Killed an ogre mage
 15321 | Volcano  | Killed a two-headed ogre
 15484 | Volcano  | Noticed a two-headed ogre
 15500 | Volcano  | Killed a two-headed ogre
 15501 | Volcano  | Reached skill level 10 in Fighting
 15501 | Volcano  | Reached skill level 10 in Armour
 15501 | Volcano  | Reached skill level 10 in Shields
 15502 | Volcano  | Noticed a two-headed ogre
 15542 | Volcano  | Killed a two-headed ogre
 15553 | Volcano  | Noticed a two-headed ogre
 15565 | Volcano  | Killed a two-headed ogre
 15628 | Volcano  | Noticed a hell knight
 15643 | Volcano  | Killed a hell knight
 15922 | Volcano  | Noticed a two-headed ogre
 15924 | Volcano  | Found a radiant altar of Vehumet.
 15943 | Volcano  | Killed a two-headed ogre
 16334 | Lair:3   | Reached XP level 13. HP: 92/103 MP: 19/24
 17112 | Lair:3   | Found a hole to the Spider Nest.
 17473 | D:8      | Killed Rayvis's ghost
 17577 | D:8      | Learned a level 4 spell: Summon Lightning Spire
 17700 | D:9      | Killed wakim's ghost
 18427 | Lair:4   | Identified the +2 cloak of the Wasteland {MP+9}
 19139 | Lair:4   | Found a transporter.
 19141 | Lair:4   | Found a transporter.
 19142 | Lair:4   | Noticed Bananafolds's ghost (journeyman MfSk)
 19459 | Lair:4   | Reached ****** piety under Cheibriados
 19651 | Lair:4   | Identified the +3 kite shield "Zuorphahi" {rPois rCorr MP-9
                  | Stlth+}
 19846 | Lair:4   | Reached XP level 14. HP: 72/111 MP: 26/26
 19860 | Lair:4   | Reached skill level 10 in Axes
 20857 | Lair:5   | Learned a level 4 spell: Olgreb's Toxic Radiance
 20861 | Lair:5   | Learned a level 3 spell: Ignite Poison
 20875 | Lair:5   | Learned a level 2 spell: Poisonous Vapours
 20966 | Lair:5   | Reached skill level 10 in Invocations
 22002 | Lair:6   | Entered Level 6 of the Lair of Beasts
 22358 | Orc:1    | Entered Level 1 of the Orcish Mines
 22358 | Orc:1    | Found a bloodstained altar of Trog.
 22968 | Orc:1    | Found a transporter.
 22970 | Orc:1    | Noticed Jisity's ghost (adept HuFi)
 22971 | Orc:1    | Identified the +9 dire flail "Wamoxoc" {vorpal, Str+4}
 23093 | Orc:1    | Found a transporter.
 23129 | Orc:1    | Killed Jisity's ghost
 23367 | Orc:2    | Entered Level 2 of the Orcish Mines
 24058 | Orc:2    | Reached XP level 15. HP: 119/119 MP: 28/28
 24092 | Orc:2    | Paralysed by an ogre mage for 7 turns
 24102 | Orc:2    | Reached skill level 10 in Short Blades
 24102 | Orc:2    | Reached skill level 10 in Long Blades
 24102 | Orc:2    | Reached skill level 10 in Maces & Flails
 24102 | Orc:2    | Reached skill level 10 in Polearms
 24102 | Orc:2    | Reached skill level 10 in Staves
 24102 | Orc:2    | Reached skill level 10 in Slings
 24102 | Orc:2    | Reached skill level 10 in Bows
 24102 | Orc:2    | Reached skill level 10 in Crossbows
 24102 | Orc:2    | Reached skill level 10 in Throwing
 24102 | Orc:2    | Reached skill level 10 in Dodging
 24102 | Orc:2    | Reached skill level 10 in Stealth
 24102 | Orc:2    | Reached skill level 10 in Unarmed Combat
 24102 | Orc:2    | Reached skill level 10 in Spellcasting
 24102 | Orc:2    | Reached skill level 10 in Evocations
 24441 | Orc:2    | Found Gedgh's Jewellery Boutique.
 24446 | Orc:2    | Found Orhaik Noqu's General Store.
 24451 | Orc:2    | Found a staircase to the Elven Halls.
 24452 | Orc:2    | Found Coaq's Assorted Antiques.
 24462 | Orc:2    | Found Foliheapp's Book Boutique.
 25085 | Orc:2    | Bought the ring "Vagil" {rPois AC+4 Str+2} for 822 gold
                  | pieces
 25407 | Lair:4   | Identified the +2 trident "Linoetit" {drain, Str+3 Dex+7}
 25431 | Lair:4   | Killed Bananafolds's ghost
 25604 | Lair:6   | Found a viscous altar of Jiyva.
 25604 | Lair:6   | Found a staircase to the Slime Pits.
 25774 | Lair:6   | Noticed Urug
 25780 | Lair:6   | Killed Urug
 26189 | Lair:6   | Identified the +1 robe "Kyorimpu" {+Inv Int+2}
 26325 | Lair:6   | Identified the +8 rapier of the Median {freeze, Drain
                  | +Blink rElec rPois}
 26647 | Lair:6   | Reached XP level 16. HP: 124/127 MP: 30/30
 27138 | D:10     | Entered Level 10 of the Dungeon
 27220 | D:10     | Noticed Nergalle
 27224 | D:10     | Killed Nergalle
 28076 | D:11     | Noticed Erolcha
 28080 | D:11     | Killed Erolcha
 29044 | D:11     | Reached skill level 10 in Ice Magic
 29097 | D:12     | Noticed Nessos
 29104 | D:12     | Killed Nessos
 29115 | D:12     | Noticed Josephine
 29119 | D:12     | Killed Josephine
 29264 | D:12     | Noticed Gastronok
 29270 | D:12     | Killed Gastronok
 30477 | D:13     | Found Upao's Antique Weapon Shop.
 30535 | D:13     | Identified the +1 pair of boots "Texto" {*Corrode Drain
                  | +Blink Int+8}
 31215 | D:13     | Noticed Frances
 31221 | D:13     | Killed Frances
 31438 | D:14     | Found a runed translucent gate.
 31438 | D:14     | Found a runed translucent gate.
 31438 | D:14     | Found a runed translucent gate.
 31441 | D:14     | Noticed Qymaymp's ghost (adept GrEE)
 31457 | D:14     | Found an iron altar of Okawaru.
 31481 | D:14     | HP: 1/129 [Qymaymp's ghost/fireball (45)]
 31483 | D:14     | Demolished by a naga warrior

Illustrated notes

Levels and vault maps discovered:
D:1:      amcnicky_arrival_flooded_fountain, layout_basic, minmay_tromino_v4_b
D:2:      layout_rooms
D:3:      layout_basic, serial_shops, nicolae_shop_behind_doors,
          grunt_ministairs_12, uniq_terence
D:4:      layout_basic, lightli_temple_of_fire, portal_sewer_entry_b,
          amethyst_killhole
D:5:      layout_basic, grunt_temple_overflow_diamond, slow_altar_2,
          nicolae_ossuary_entry_plus, minmay_ruined_shrine, uniq_pikel
D:6:      layout_cave_pools, minitemple
D:7:      layout_loops_ring, minmay_temple_entry_tees, kennysheep_nondescript,
          minmay_three_doors, uniq_menkaure
D:8:      layout_gridville, erik_lair_dragon, gammafunk_ghost_berserking_beasts,
          fungi_pond_lemuel
D:9:      layout_cave_pools, orc_0_dummy, ebering_ghost_xom, uniq_maggie
D:10:     layout_loops_ring, nicolae_wwwww, hellmonk_bongcloud_opening,
          uniq_nergalle
D:11:     layout_irregular_city, uniq_erolcha
D:12:     layout_gridville, serial_bayou_lagoon_a, uniq_josephine, uniq_nessos,
          uniq_gastronok
D:13:     layout_basic, serial_shops, nicolae_stop_n_shop_1, hex_intersection,
          uniq_frances
D:14:     layout_loops_ring, david_vaults_3, gammafunk_ghost_fury_of_okawaru
Lair:1:   wander_river, layout_chaotic_city
Lair:2:   layout_gridlike, elwin_shoals_entry_rooms, beast_lair_carwin_8
Lair:3:   layout_regular_city, nicolae_spider_entry_tight_spaces,
          enter_volcano_4, grunt_forest_stairs_basic, serial_bayou_shore_b
Lair:4:   nzn_winding_woodlands_stair_cross
          [nzn_winding_woodlands_5x15_longhouse,
          nzn_winding_woodlands_center_lodge, nzn_winding_woodlands_5x15_jagged,
          nzn_winding_woodlands_5x5_checkerboard,
          nzn_winding_woodlands_hourglass,
          nzn_winding_woodlands_5x15_river_crossing,
          nzn_winding_woodlands_center_pierced_h,
          nzn_winding_woodlands_5x15_pool], layout_concentric_octagons,
          gammafunk_ghost_hive
Lair:5:   layout_hall_layers, wad_woods_river_02, grunt_forest_small_clearings,
          cheibrodos_lair_caveside_slide, kennysheep_rathole
Lair:6:   evilmike_catoblepas_cave, layout_misc_corridors, slime_altar_1,
          grunt_forest_small_clearing_treed, uniq_urug
Orc:1:    layout_caves, gammafunk_ghost_smash, basic_altar
Orc:2:    st_orc_open, layout_diamond_mine, bh_open_orc_temple

Skill      XL: |  1  2  3  4  5  6  7  8  9 10 11 12 13 14 15 16 |
---------------+-------------------------------------------------+-----
Invocations    | 1 2 3 4 5 6 7 8 9 10 11 12 | 12.0
Short Blades   | 1 2 3 5 6 7 8 9 10 11 | 11.1
Long Blades    | 1 2 3 5 6 7 8 9 10 11 | 11.1
Maces & Flails | 1 2 3 5 6 7 8 9 10 11 | 11.1
Polearms       | 1 2 3 5 6 7 8 9 10 11 | 11.1
Staves         | 1 2 3 5 6 7 8 9 10 11 | 11.1
Slings         | 1 2 3 5 6 7 8 9 10 11 | 11.1
Bows           | 1 2 3 5 6 7 8 9 10 11 | 11.1
Crossbows      | 1 2 3 5 6 7 8 9 10 11 | 11.1
Throwing       | 1 2 3 5 6 7 8 9 10 11 | 11.1
Dodging        | 1 2 3 5 6 7 8 9 10 11 | 11.1
Stealth        | 1 2 3 5 6 7 8 9 10 11 | 11.1
Unarmed Combat | 1 2 3 5 6 7 8 9 10 11 | 11.1
Spellcasting   | 1 2 3 5 6 7 8 9 10 11 | 11.1
Evocations     | 1 2 3 5 6 7 8 9 10 11 | 11.1
Conjurations   | 1 2 3 4 5 6 7 8 9 |  9.4
Hexes          | 1 2 3 4 5 6 7 8 9 |  9.4
Summonings     | 1 2 3 4 5 6 7 8 9 |  9.4
Necromancy     | 1 2 3 4 5 6 7 8 9 |  9.4
Translocations | 1 2 3 4 5 6 7 8 9 |  9.4
Transmutations | 1 2 3 4 5 6 7 8 9 |  9.4
Fire Magic     | 1 2 3 4 5 6 7 8 9 |  9.4
Ice Magic      | 1 2 3 4 5 6 7 8 9 10 | 10.6
Air Magic      | 1 2 3 4 5 6 7 8 9 |  9.4
Earth Magic    | 1 2 3 4 5 6 7 8 9 |  9.4
Poison Magic   | 1 2 3 4 5 6 7 8 9 |  9.4
Axes           | 5 6 7 8 9 10 11 | 11.9
Fighting       | 7 8 9 10 11 12 | 12.6
Armour         | 7 8 9 10 11 12 | 12.6
Shields        | 7 8 9 10 11 12 | 12.6

Action                   |  1- 3 |  4- 6 |  7- 9 | 10-12 | 13-15 | 16-18 || total
-------------------------+-------+-------+-------+-------+-------+-------++-------
Melee: War axe           |    92 |   210 |   251 |    15 |       |       ||   568
       Bite              |     5 |    18 |    33 |    81 |   208 |    44 ||   389
       Quarterstaff      |       |       |       |   312 |       |       ||   312
       Quick blade       |       |       |       |    48 |   491 |       ||   539
       Broad axe         |       |       |       |       |   180 |       ||   180
       Dire flail        |       |       |       |       |   130 |   175 ||   305
 Fire: Hunting sling     |       |       |    35 |   103 |    54 |       ||   192
Throw: Dart              |       |     9 |     3 |   103 |    99 |       ||   214
 Cast: Wereblood         |       |       |     2 |    10 |    15 |     5 ||    32
       Blink             |       |       |       |    10 |     2 |     2 ||    14
       Manifold Assault  |       |       |       |    18 |     9 |       ||    27
       Summon Lightning  |       |       |       |       |     2 |       ||     2
       Ignite Poison     |       |       |       |       |    54 |    39 ||    93
       Olgreb's Toxic Ra |       |       |       |       |    37 |    13 ||    50
       Poisonous Vapours |       |       |       |       |    30 |    37 ||    67
Invok: Bend Time         |       |       |       |     3 |     3 |     1 ||     7
       Slouch            |       |       |       |       |     3 |     2 ||     5
Evoke: Wand              |       |       |     1 |     1 |     1 |       ||     3
  Use: Scroll            |     3 |    10 |     4 |     8 |     2 |     3 ||    30
       Potion            |       |       |     4 |     2 |     1 |     2 ||     9
 Stab: Distracted        |       |       |     1 |     1 |     1 |       ||     3
       Sleeping          |       |       |       |     1 |     2 |       ||     3
       Paralysed         |       |       |       |       |     1 |       ||     1
Armor: Scale mail        |    68 |    76 |    62 |    27 |       |       ||   233
       Swamp dragon scal |       |       |       |    80 |    45 |       ||   125
       Chain mail        |       |       |       |       |   159 |       ||   159
       Plate armour      |       |       |       |       |     2 |    76 ||    78
Dodge: Dodged            |    61 |   128 |   169 |   351 |   462 |   227 ||  1398
Block: Kite shield       |       |    11 |       |    29 |   430 |       ||   470
       Buckler           |       |    33 |    90 |       |       |       ||   123
